Map: Frost LE

Players

Almarhu - Winner!

  • Race: Protoss Protoss
  • League: Silver

Gracz

  • Race: Protoss Protoss
  • League: Silver

VOD

Have the link to the VOD?

Description

Time

  • Played on: Sept. 19, 2016, 1:45 p.m.
  • Length: 21:21
Show
View Real Time Build Order
Export as new Build Order

Almarhu Protoss - Winner!

Build Orders:  

Get SALT Encoding   

  12  0:04  Probe (Chrono Boost)  
  13  0:24  Probe (Chrono Boost)  
  13  0:25  Pylon  
  14  0:59  Gateway  
  14  1:08  Gateway  
  14  1:14  Probe (Chrono Boost)  
  14  1:17  Assimilator  
  15  1:24  Probe (Chrono Boost)  
  16  1:35  Probe (Chrono Boost)  
  17  1:42  Pylon  
  17  1:45  Probe (Chrono Boost)  
  18  1:49  Zealot  
  20  2:01  Nexus  
  20  2:08  Zealot  
  22  2:13  Probe (Chrono Boost)  
  23  2:16  Assimilator  
  23  2:23  Probe (Chrono Boost)  
  24  2:34  Probe (Chrono Boost)  
  25  2:40  Zealot  
  25  2:41  Zealot  
  29  2:44  Probe (Chrono Boost)  
  30  2:51  Cybernetics Core  
  30  2:55  Probe (Chrono Boost)  
  31  3:05  Pylon  
  31  3:12  Pylon  
  31  3:19  Probe (Chrono Boost)  
  32  3:22  Probe (Chrono Boost)  
  33  3:30  Probe (Chrono Boost)  
  33  3:32  Probe (Chrono Boost)  
  35  3:34  Zealot  
  35  3:40  Probe (Chrono Boost)  
  38  3:43  Probe (Chrono Boost)  
  39  3:51  Forge, Probe (Chrono Boost)  
  40  3:57  Pylon  
  40  4:01  Probe (Chrono Boost)  
  41  4:06  Pylon  
  41  4:07  Probe (Chrono Boost)  
  42  4:18  Probe (Chrono Boost)  
  43  4:28  Probe (Chrono Boost)  
  44  4:36  Photon Cannon  
  44  4:39  Probe (Chrono Boost)  
  45  4:50  Photon Cannon  
  45  4:51  Probe (Chrono Boost)  
  46  5:02  Probe (Chrono Boost)  
  46  5:03  Photon Cannon  
  47  5:13  Probe (Chrono Boost)  
  48  5:23  Probe (Chrono Boost)  
  49  5:29  Stargate  
  49  5:30  Stargate  
  49  5:33  Stargate  
  49  5:34  Assimilator, Probe (Chrono Boost), Stargate  
  50  5:36  Assimilator  
  50  5:37  Probe (Chrono Boost)  
  51  5:47  Pylon  
  51  5:48  Probe (Chrono Boost)  
  52  5:50  Protoss Air Weapons Level 1  
  52  6:16  Void Ray  
  52  6:17  Void Ray x2  
  64  6:19  Photon Cannon  
  64  6:20  Photon Cannon  
  64  6:22  Photon Cannon  
  64  6:37  Probe (Chrono Boost)  
  66  6:40  Probe (Chrono Boost)  
  66  6:44  Void Ray  
  70  6:47  Probe (Chrono Boost)  
  69  6:58  Probe (Chrono Boost)  
  62  7:14  Stalker x2  
  66  7:19  Photon Cannon, Void Ray x2  
  66  7:20  Photon Cannon  
  74  7:25  Nexus  
  74  7:44  Zealot  
  74  7:45  Zealot  
  78  7:51  Protoss Shields Level 1, Protoss Air Armor Level 1  
  78  8:09  Fleet Beacon  
  78  8:19  Void Ray, Cybernetics Core  
  82  8:25  Assimilator  
  82  8:30  Assimilator  
  82  8:37  Void Ray x2  
  90  8:59  Pylon, Graviton Catapult  
  90  9:04  Protoss Air Weapons Level 2  
  90  9:20  Probe (Chrono Boost)  
  91  9:29  Carrier  
  91  9:31  Probe (Chrono Boost)  
  98  9:36  Protoss Air Armor Level 2  
  98  9:41  Probe (Chrono Boost)  
  99  9:52  Probe (Chrono Boost)  
  100  9:54  Carrier  
  106  10:02  Probe (Chrono Boost)  
  107  10:14  Pylon  
  107  10:21  Pylon  
  107  10:28  Stargate  
  109  10:30  Photon Cannon  
  109  10:31  Mothership Core (Chrono Boost)  
  109  10:35  Pylon  
  109  10:41  Probe (Chrono Boost)  
  110  10:44  Pylon  
  110  10:47  Pylon  
  110  10:50  Pylon  
  110  10:51  Probe (Chrono Boost)  
  111  10:57  Robotics Facility  
  111  10:58  Anion Pulse-Crystals  
  111  11:02  Probe (Chrono Boost)  
  111  11:04  Protoss Air Weapons Level 3  
  118  11:11  Carrier  
  118  11:12  Probe (Chrono Boost)  
  118  11:18  Stalker x2  
  129  11:23  Probe (Chrono Boost)  
  130  11:51  Carrier x2  
  142  12:02  Pylon  
  142  12:05  Pylon  
  142  12:07  Probe (Chrono Boost)  
  143  12:18  Nexus, Probe (Chrono Boost)  
  144  12:26  Carrier x2  
  144  12:29  Probe (Chrono Boost)  
  157  12:55  Assimilator  
  157  12:56  Assimilator  
  157  13:04  Protoss Air Armor Level 3  
  155  13:34  Void Ray x2  
  155  13:35  Tempest  
  155  13:39  Probe (Chrono Boost)  
  168  13:50  Probe (Chrono Boost)  
  169  14:00  Probe (Chrono Boost)  
  170  14:11  Probe (Chrono Boost)  
  171  14:21  Probe (Chrono Boost)  
  172  14:26  Tempest  
  172  14:27  Tempest, Carrier  
  186  14:36  Void Ray x2  
  158  16:50  Phoenix x3  
  158  16:51  Void Ray x2  
  172  17:15  Void Ray x3  
  184  17:46  Pylon  
  184  17:48  Pylon  
  184  17:54  Pylon  
  184  18:03  Carrier x2  
  196  18:52  Carrier  
  196  20:26  Void Ray  
Show
View Real Time Build Order
Export as new Build Order

Gracz Protoss 

Build Orders: 1 Gate Expand, Double Forge, Forge Fast Expand (FFE) 

Get SALT Encoding   

  12  0:01  Probe (Chrono Boost)  
  13  0:17  Pylon  
  13  0:18  Probe (Chrono Boost)  
  14  0:29  Probe (Chrono Boost)  
  15  0:39  Probe (Chrono Boost)  
  16  0:48  Forge  
  16  0:53  Gateway  
  16  0:57  Probe (Chrono Boost)  
  17  1:13  Pylon  
  17  1:22  Assimilator  
  17  1:24  Probe (Chrono Boost)  
  18  1:31  Nexus  
  18  1:44  Cybernetics Core  
  19  1:47  Probe (Chrono Boost)  
  19  2:02  Assimilator, Probe (Chrono Boost)  
  20  2:15  Gateway  
  20  2:20  Gateway  
  20  2:25  Assimilator  
  20  2:26  Assimilator  
  20  2:28  Warp Gate  
  20  2:34  Mothership Core (Chrono Boost)  
  22  2:47  Probe (Chrono Boost)  
  23  2:53  Probe (Chrono Boost)  
  25  3:06  Probe (Chrono Boost)  
  25  3:14  Stargate  
  25  3:16  Pylon  
  25  3:18  Pylon  
  25  3:33  Probe (Chrono Boost)  
  27  3:35  Probe (Chrono Boost)  
  27  3:44  Probe (Chrono Boost)  
  27  3:47  Probe (Chrono Boost)  
  29  3:57  Pylon  
  29  4:06  Pylon  
  29  4:12  Gateway  
  29  4:29  Void Ray  
  33  4:39  Fleet Beacon  
  33  4:42  Gateway  
  33  4:50  Forge  
  33  4:54  Forge  
  34  5:00  Probe (Chrono Boost)  
  34  5:13  Forge  
  34  5:31  Gateway  
  34  5:34  Stargate  
  34  5:41  Pylon  
  34  5:47  Pylon  
  34  5:56  Robotics Facility  
  34  5:57  Robotics Facility  
  34  6:03  Stalker  
  36  6:12  Probe (Chrono Boost)  
  36  6:13  Probe (Chrono Boost)  
  38  6:22  Protoss Ground Weapons Level 1, Protoss Ground Armor Level 1  
  38  6:25  Probe (Chrono Boost)  
  39  6:31  Probe (Chrono Boost)  
  40  6:36  Stalker  
  40  6:37  Probe (Chrono Boost)  
  43  6:40  Stalker  
  45  7:11  Pylon  
  45  7:20  Nexus  
  45  7:32  Nexus  
  45  7:52  Stalker x2  
  45  7:54  Probe (Chrono Boost)  
  45  7:55  Probe (Chrono Boost)  
  51  7:58  Stalker  
  51  7:59  Stalker  
  51  8:04  Probe (Chrono Boost)  
  56  8:07  Protoss Shields Level 1, Probe (Chrono Boost)  
  57  8:15  Probe (Chrono Boost)  
  57  8:17  Pylon  
  57  8:19  Probe (Chrono Boost)  
  59  8:20  Pylon  
  59  8:26  Twilight Council  
  59  8:31  Probe (Chrono Boost)  
  60  8:40  Pylon  
  60  8:43  Pylon  
  60  8:46  Probe (Chrono Boost)  
  60  8:47  Pylon  
  60  8:48  Probe (Chrono Boost)  
  62  8:51  Pylon, Protoss Ground Weapons Level 2  
  62  8:55  Pylon  
  62  9:08  Protoss Ground Armor Level 2  
  62  9:20  Probe x2 (Chrono Boost)  
  62  9:21  Stalker x3, Probe (Chrono Boost)  
  62  9:22  Probe (Chrono Boost)  
  72  9:28  Assimilator  
  72  9:31  Probe (Chrono Boost)  
  73  9:32  Assimilator  
  73  9:33  Probe (Chrono Boost)  
  73  9:34  Probe (Chrono Boost)  
  73  9:36  Probe (Chrono Boost)  
  76  9:39  Assimilator  
  76  9:41  Assimilator, Probe (Chrono Boost)  
  78  9:45  Probe (Chrono Boost)  
  78  10:04  Probe x2 (Chrono Boost)  
  78  10:05  Stargate, Probe (Chrono Boost)  
  78  10:06  Probe (Chrono Boost)  
  82  10:07  Stalker  
  82  10:09  Stargate  
  82  10:11  Stargate  
  84  10:15  Probe x2 (Chrono Boost)  
  84  10:17  Probe (Chrono Boost)  
  84  10:18  Probe (Chrono Boost)  
  88  10:25  Probe (Chrono Boost)  
  90  10:30  Probe x2 (Chrono Boost)  
  91  10:52  Blink  
  91  10:54  Protoss Ground Weapons Level 3  
  89  11:14  Protoss Shields Level 2  
  89  11:16  Protoss Air Weapons Level 1  
  89  11:23  Cybernetics Core  
  89  11:36  Tempest  
  89  11:37  Tempest x2  
  101  11:45  Probe (Chrono Boost)  
  101  11:46  Stalker, Probe x2 (Chrono Boost)  
  106  11:47  Stalker x2  
  106  11:48  Stalker x2  
  114  11:59  Tempest  
  118  12:11  Protoss Ground Armor Level 3  
  118  12:16  Stalker  
  118  12:17  Stalker x2  
  118  12:20  Stalker  
  126  12:24  Stalker x2  
  130  12:40  Stalker x2  
  134  12:45  Tempest  
  134  12:47  Tempest  
  142  12:54  Protoss Air Armor Level 1  
  140  13:21  Stalker x2  
  140  13:22  Stalker x2  
  140  13:23  Stalker  
  150  13:28  Tempest  
  150  13:29  Tempest  
  158  13:41  Stalker  
  160  14:00  Nexus  
  160  14:03  Assimilator  
  160  14:06  Assimilator  
  160  14:10  Tempest x3  
  160  14:11  Pylon  
  160  14:14  Pylon  
  160  14:44  Stalker x2  
  94  15:14  Stalker x2  
  94  15:15  Stalker  
  94  15:16  Stalker  
  86  15:23  Stalker x2  
  88  15:39  Stalker  
  88  15:40  Stalker x2  
  54  16:27  Pylon  
  54  16:28  Probe x3 (Chrono Boost)  
  54  16:33  Pylon  
  54  16:36  Pylon  
  54  16:38  Probe (Chrono Boost)  
  54  16:39  Probe x2 (Chrono Boost)  
  53  16:48  Gateway  
  53  16:49  Probe x2 (Chrono Boost)  
  53  16:50  Probe (Chrono Boost), Gateway  
  53  16:53  Gateway  
  50  16:55  Gateway  
  50  16:59  Gateway, Probe (Chrono Boost)  
  50  17:00  Probe (Chrono Boost)  
  50  17:06  Gateway  
  50  17:10  Probe (Chrono Boost)  
  43  17:16  Gateway  
  43  17:18  Gateway  
  43  17:21  Gateway  
  43  17:28  Probe (Chrono Boost)  
  40  17:39  Probe (Chrono Boost)  
  38  17:49  Probe (Chrono Boost)  
  27  17:58  Cybernetics Core  
  9  18:09  Nexus  
  6  18:34  Stalker x3  
  6  18:35  Stalker  
  6  18:36  Stalker  
  6  18:37  Stalker x2  
  6  18:38  Stalker  
  6  18:39  Stalker  
  24  18:47  Pylon  
  24  18:48  Pylon  
  7  19:33  Nexus  
  7  19:37  Nexus  
  5  19:38  Nexus  
  5  19:41  Nexus  
  5  19:51  Nexus  
  5  20:35  Nexus  
  5  20:52  Nexus  
  5  20:58  Probe (Chrono Boost)  
Tags
 
Add a new tag
Caveats
  • Supply blocks, unpowered buildings, or Contaminate may cause inaccurate times.
  • Supply counts are checked every 10 seconds.